AoeStats
← Peyotl

Black Forest

505791143Analyzed
2v2 RM · 20d ago on Sep 11, 2026· 59m 37s· 4 players
Game mode
Random Map
Map size
Medium (4 player)
Population
200
Speed
Normal
Resources
Standard
Victory
Conquest
Starting age
Dark Age
Ending age
Imperial Age
RankedLock teamsTeams togetherTeam positionsShared explorationLock speedFull tech treeHidden civsTurbo modeCheats
Victory
Defeat
🇲🇽 Romans · Mexico
776
+10
🇲🇽 Maya · Mexico
683
+15
🇦🇷 Franks · Argentina
658
-31
🇦🇷 Britons · Argentina
633
-26
DarkKnight95604
0:26 Loom
12:23 Feudal Age
14:52 Double-Bit Axe
14:49 Horse Collar
15:30 Man-at-Arms
26:06 Castle Age
26:24 Forging
26:14 Scale Mail Armor
26:20 Scale Barding Armor
26:06 Fletching
26:18 Gold Mining
26:35 Stone Mining
26:42 Light Cavalry
30:14 Ballistas
29:48 Pikeman
31:21 Long Swordsman
32:37 Bodkin Arrow
33:15 Elite Skirmisher
40:38 Husbandry
40:49 Bloodlines
41:44 Ballistics
42:26 Bow Saw
42:23 Heavy Plow
43:04 Wheelbarrow
42:14 Town Watch
42:59 Squires
44:46 Gold Shaft Mining
45:48 Hand Cart
45:18 Town Watch
46:55 Iron Casting
47:12 Murder Holes
50:26 Imperial Age
47:58 Town Patrol
49:16 Caravan
49:47 Coinage
50:08 Chain Mail Armor
50:14 Chain Barding Armor
49:55 Padded Archer Armor
50:08 Masonry
50:10 Fortified Wall
49:52 Guard Tower
50:37 Heavy Scorpion
52:14 Conscription
53:24 Blast Furnace
52:58 Architecture
53:31 Crop Rotation
54:15 Chemistry
53:33 Leather Archer Armor
53:54 Plate Barding Armor
55:09 Onager
56:48 Banking
56:28 Guilds
56:57 Ring Archer Armor
55:54 Halberdier
55:54 Legionary
58:05 Comitatenses
Peyotl
0:27 Loom
17:48 Feudal Age
18:50 Double-Bit Axe
18:48 Horse Collar
19:50 Wheelbarrow
19:42 Gold Mining
20:09 Arson
20:57 Stone Mining
24:49 Scale Mail Armor
26:17 Padded Archer Armor
27:20 Forging
27:55 Fletching
32:36 Castle Age
34:00 Hand Cart
33:47 Heavy Plow
34:03 Bow Saw
34:33 Stone Shaft Mining
33:23 Pikeman
34:05 Squires
33:27 Eagle Warrior
33:29 Elite Skirmisher
34:49 Iron Casting
34:47 Coinage
36:25 Leather Archer Armor
37:27 Chain Mail Armor
38:18 Hul'che Javelineers
38:17 Bodkin Arrow
38:26 Caravan
45:38 Imperial Age
43:18 Fortified Wall
44:53 Murder Holes
46:07 Ballistics
47:57 Two-Man Saw
47:30 Crop Rotation
48:04 Chemistry
47:15 Masonry
46:29 Halberdier
46:33 Elite Eagle Warrior
47:36 Conscription
46:42 Capped Ram
49:33 Blast Furnace
50:09 Architecture
50:22 Holcans
52:53 Siege Ram
54:51 Banking
54:09 Treadmill Crane
55:02 Plate Mail Armor
55:20 Elite Plumed Archer
57:51 Ring Archer Armor
57:52 Guilds
SunnyChair4731
10:06 Loom
12:11 Feudal Age
16:42 Castle Age
15:05 Double-Bit Axe
30:00 Scale Barding Armor
30:05 Forging
29:41 Man-at-Arms
35:41 Imperial Age
35:23 Wheelbarrow
35:27 Iron Casting
35:15 Chain Barding Armor
36:48 Cavalier
38:40 Blast Furnace
37:52 Chivalry
39:08 Plate Barding Armor
38:37 Husbandry
41:08 Bow Saw
42:01 Paladin
43:16 Gold Mining
47:00 Chemistry
47:33 Murder Holes
47:51 Masonry
49:44 Gold Shaft Mining
49:52 Scale Mail Armor
49:20 Long Swordsman
santiagoali1234
0:47 Loom
12:25 Feudal Age
12:52 Double-Bit Axe
14:32 Wheelbarrow
14:33 Town Watch
21:18 Gold Mining
21:19 Stone Mining
31:40 Arson
33:21 Fletching
33:32 Padded Archer Armor
37:52 Forging
37:44 Padded Archer Armor
39:25 Scale Mail Armor
44:10 Castle Age
44:29 Pikeman
45:09 Squires
46:07 Elite Skirmisher
57:30 Crossbowman
Connection lost

Rejoining the realm…

Still unreachable

The connection could not be restored.

Session expired

The server has moved on; the page needs a fresh start.